 Dungeon Crawl Stone Soup version 0.30-a0-652-gcc886f7154 (webtiles) character file.

Game seed: 2254568284259723311

91 rddays123 the Chopper (level 4, -3/40 HPs)
             Began as a Hill Orc Fighter on Jan 17, 2023.
             Slain by an ogre
             ... wielding a +0 giant club
              (12 damage)
             ... on level 3 of the Dungeon.
             The game lasted 00:05:48 (2386 turns).

rddays123 the Chopper (Hill Orc Fighter)            Turns: 2386, Time: 00:05:49

Health: -3/40      AC:  6    Str: 26    XL:     4   Next: 59%
Magic:  4/4        EV:  9    Int:  8    God:
Gold:   233        SH:  4    Dex: 10    Spells: 3/3 levels left

rFire   + . .      SeeInvis .    a - +0 war axe
rCold   . . .      Faith    .    c - +0 buckler
rNeg    . . .      Spirit   .    b - +0 scale mail
rPois   .          Reflect  .    (no helmet)
rElec   .          Harm     .    (no cloak)
rCorr   .          Rampage  .    (no gloves)
Will    .....                    (no boots) Stlth
                                 (no amulet)
HPRegen 0.26/turn                e - ring of protection from fire
MPRegen 0.09/turn                o - +6 ring of strength

@: no status effects
A: no striking features
a: no special abilities


You were on level 3 of the Dungeon.
You visited 1 branch of the dungeon, and saw 3 of its levels.

You collected 233 gold pieces.

Inventory:

Hand Weapons
 a - a +0 war axe (weapon)
 n - a +0 battleaxe
Armour
 b - a +0 scale mail (worn)
 c - a +0 buckler (worn)
Jewellery
 e - a ring of protection from fire (left hand)
 f - a +6 ring of intelligence
 o - a +6 ring of strength (right hand)
 q - a +4 ring of slaying
Wands
 s - a wand of paralysis (6)
Scrolls
 i - a scroll of enchant weapon {unknown}
 j - 2 scrolls of amnesia {unknown}
 m - a scroll of brand weapon {unknown}
 t - a scroll of identify {unknown}
Potions
 d - 2 potions of might
 g - a potion of haste {unknown}
 h - a potion of lignification {unknown}
 k - a potion of flight {unknown}
 l - a potion of mutation {unknown}
 p - a potion of curing {unknown}
 r - a potion of resistance {unknown}


   Skills:
 - Level 4.2 Fighting
 + Level 5.4 Axes
 - Level 3.6 Armour
 - Level 3.3 Shields


You had 3 spell levels left.
You didn't know any spells.
Your spell library contained the following spells:

 Spells                   Type           Power      Damage    Failure   Level
 Apportation              Tloc           0%         N/A       78%         1
 Magic Dart               Conj           0%         1d3       78%         1
 Necrotise                Necr           0%         1d4       78%         1
 Sting                    Tmut/Pois      0%         1d3       78%         1
 Summon Small Mammal      Summ           0%         N/A       78%         1
 Poisonous Vapours        Pois/Air       0%         N/A       89%         2
 Searing Ray              Conj           0%         2d4       89%         2
 Fulminant Prism          Conj/Hex       0%         3d5       100%        4
 Olgreb's Toxic Radiance  Pois           0%         N/A       100%        4


Dungeon Overview and Level Annotations

Branches:
Dungeon (3/15)

Altars:
Cheibriados

Shops:
D:1 *


Message History

You slash the bat!
You kill the bat!
No target in view!
No target in view!
You now have 219 gold pieces (gained 19).
You now have 233 gold pieces (gained 14).
As you open the door, it creaks loudly!
A jackal and an endoplasm come into view.
The jackal barks!
The endoplasm quivers.
You hear a shout! x2
Found 3 gold pieces.
There are monsters nearby!
There are monsters nearby!
You hit the endoplasm.
The endoplasm is heavily wounded.
The endoplasm hits you but does no damage. x2
An ogre comes into view. It is wielding a +0 giant club.
You slash the endoplasm!
You kill the endoplasm!
The jackal barely misses you.
You barely miss the jackal.
The jackal bites you but does no damage.
You slash the jackal!
You kill the jackal!
The ogre hits you with a +0 giant club!
You slash the ogre!
The ogre is moderately wounded.
You barely miss the ogre.
The ogre is moderately wounded.
The ogre hits you with a +0 giant club!!
Ouch! That really hurt!
* * * LOW HITPOINT WARNING * * *
You are too injured to fight recklessly!
You are too injured to fight recklessly!
You are too injured to fight recklessly!
You barely miss the ogre.
The ogre is moderately wounded.
The ogre hits you with a +0 giant club!
You die...

#.......####### #.##.
######### #.#.##) #.
#.#.##. #.# ##### #.#.##.
#.# ##...## #...##. #.#
##..#..##### #...... #.#
#..###.....# ##.....
#.###.##$##....#######.....
#.#....#.O@...(......'.....
#...#[##.##.#...######.....
#..####. ####..######.....
#.## .. ##............
#..#### ####......(......
#...#.## ##.#..............
#......# #............#####
##..##.## ##.[.#.#######
#.......###....#.#


You could see an ogre.

Vanquished Creatures
  3 adders
  5 worms
  2 dart slugs
  3 ball pythons
  5 bats
  7 endoplasms
  3 giant cockroaches
  3 goblins
  3 hobgoblins
  A jackal (D:3)
  A frilled lizard (D:1)
  3 kobolds
  5 rats
44 creatures vanquished.

Vanquished Creatures (others)
  3 plants (D:2)
3 creatures vanquished.

Grand Total: 47 creatures vanquished

Notes
Turn   | Place    | Note
-------+----------+-------------------------------------------
     0 | D:1      | rddays123 the Hill Orc Fighter began the quest for the Orb.
     0 | D:1      | Reached XP level 1. HP: 19/19 MP: 1/1
    44 | D:1      | Found Aniatt's Assorted Antiques.
   173 | D:1      | Reached XP level 2. HP: 27/27 MP: 2/2
   402 | D:1      | Reached skill level 3 in Axes
  1013 | D:2      | Reached XP level 3. HP: 30/33 MP: 3/3
  1168 | D:2      | Reached skill level 4 in Axes
  1443 | D:2      | Reached XP level 4. HP: 36/40 MP: 4/4
  1616 | D:3      | Reached skill level 5 in Axes
  2038 | D:3      | Found a snail-covered altar of Cheibriados.
  2380 | D:3      | Noticed an ogre
  2386 | D:3      | Slain by an ogre

Illustrated notes

Levels and vault maps discovered:
D:1:      evilmike_arrival_home_sweet_home, layout_basic, serial_shops,
          nicolae_shop_competitors_out_of_business, minmay_hedge_maze,
          minmay_misc_feat_plants
D:2:      cheibrodos_old_hovel, layout_loops_ring
D:3:      layout_basic, cheibriados_altar_1, minmay_fractal_squares_gapless_5

Skill      XL: |  1  2  3  4 |
---------------+-------------+-----
Fighting       | 4 |  4.2
Axes           | 3 4 5 |  5.4
Armour         | |  3.6
Shields        | |  3.3

Action                   |  1- 3 |  4- 6 || total
-------------------------+-------+-------++-------
Melee: War axe           |    93 |    46 ||   139
Armor: Scale mail        |    35 |    24 ||    59
Dodge: Dodged            |    45 |    18 ||    63
Block: Buckler           |    15 |    13 ||    28

Table legend: (Time is in decaauts)
 A = Elapsed time spent in this place.
 B = Non-inter-level travel time spent in this place.
 C = Inter-level travel time spent in this place.
 D = Time resting spent in this place.
 E = Time spent auto-exploring this place.
 F = Levels seen in this place.
 G = Mean time per level.
                   A        B        C        D        E       F      G
               +--------+--------+--------+--------+--------+-----+--------+
         Total |   2430 |   2380 |     50 |    180 |   1799 |   3 |  810.0 |
       Dungeon |   2430 |   2380 |     50 |    180 |   1799 |   3 |  810.0 |
               +--------+--------+--------+--------+--------+-----+--------+

Top non-repeatable levels by time:
     D:1: 841 daAuts
     D:3: 826 daAuts
     D:2: 762 daAuts
